 Dungeon Crawl Stone Soup version 0.22-a0-348-gd16d139 (webtiles) character file.

5186 Amnesiac the Transmogrifier (level 10, -5/83 HPs)
             Began as a Demigod Transmuter on Apr 10, 2018.
             Slain by a hornet (9 damage)
             ... on level 9 of the Dungeon.
             The game lasted 00:17:50 (9417 turns).

Amnesiac the Transmogrifier (Demigod Transmuter)    Turns: 9417, Time: 00:17:50

Health: -5/83      AC:  2    Str: 15    XL:     10   Next: 12%
Magic:  18/22      EV: 17    Int: 17    God:
Gold:   333        SH:  0    Dex: 20    Spells: 11/21 levels left

rFire    . . .     SeeInvis .     - Unarmed
rCold    . . .     Gourm    .   (shield currently unavailable)
rNeg     . . .     Faith    .   (no armour)
rPois    .         Spirit   .   g - +0 helmet
rElec    .         Reflect  .   (no cloak)
rCorr    .         Harm     .   (gloves currently unavailable)
MR       +....                  E - +0 pair of boots
Stlth    ++........             u - amulet of regeneration
HPRegen  0.63/turn              (no ring)
MPRegen  0.18/turn              (no ring)

@: lethally poisoned (-5 -> -23), blade hands, slowed, very slow
A: high mp 1
a: End Transformation


You were on level 9 of the Dungeon.
You were hungry.
You had blades for hands.
You visited 1 branch of the dungeon, and saw 9 of its levels.

You collected 498 gold pieces.
You spent 165 gold pieces at shops.

Inventory:

Hand Weapons
 I - the +1 dagger of Prudence (melded) {protect, Int+6 Dex-5}
   (You bought it in a shop on level 7 of the Dungeon)

   It protects the one who uses it against injury (+AC on strike).
   It affects your intelligence (+6).
   It affects your dexterity (-5).
Missiles
 a - 104 arrows
 z - 9 poisoned needles
 A - 111 stones (quivered)
Armour
 b - a +0 robe
 g - a +0 helmet (worn)
 r - a +1 pair of gloves (melded)
 E - a +0 pair of boots (worn)
Jewellery
 u - an amulet of regeneration (around neck)
 x - an uncursed ring of ice
Wands
 e - a wand of digging (12)
 k - a wand of iceblast (6)
 H - a wand of paralysis (6)
Scrolls
 f - 2 scrolls of silence {!r}
 i - 2 scrolls of remove curse {!r}
 l - a scroll of magic mapping {!r}
 p - 6 scrolls of teleportation {!r}
 s - 3 scrolls of enchant weapon {!r}
 t - a scroll of amnesia {!r}
 v - 2 scrolls of enchant armour {!r}
 D - 4 scrolls of fear {!r}
 F - a scroll of immolation {!r, unknown}
Potions
 c - 13 potions of curing {!q}
 h - a potion of brilliance {!q, unknown}
 j - 2 potions of haste {!q}
 m - 3 potions of invisibility {!q}
 n - a potion of mutation {!q}
 o - a potion of flight {!q}
 q - 4 potions of might {!q}
 w - a potion of ambrosia {!q}
 C - a potion of cancellation {!q}
Miscellaneous
 B - a crystal ball of energy
Comestibles
 d - 16 rations


   Skills:
 - Level 6.0 Fighting
 - Level 6.0 Dodging
 - Level 6.0 Unarmed Combat
 - Level 6.0 Spellcasting
 - Level 8.0 Transmutations
 + Level 0.5 Evocations


You had 11 spell levels left.
You knew the following spells:

 Your Spells              Type           Power        Failure   Level  Hunger
a - Blade Hands           Tmut           ####......   52%         5    #####..
b - Sticks to Snakes      Tmut           ####....     13%         2    None
e - Spider Form           Tmut/Pois      ###.......   41%         3    ##.....


Dungeon Overview and Level Annotations

Branches:
Dungeon (9/15)             Temple (0/1) D:7            Lair (0/6) D:9
    Orc: D:9-12

Shops:
D:7 *   D:9 ?


Innate Abilities, Weirdness & Mutations

You have an increased reservoir of magic. (+10% MP)


Message History

You are feeling hungry.
You open the door.
There is an open door here.
There is an open door here.
A worker ant and a soldier ant come into view.
The worker ant twitches its antennae in your direction.
The worker ant closely misses you.
You see here 18 stones.
There are monsters nearby!
There are monsters nearby!
Casting: Blade Hands (slightly dangerous; 9% risk of failure)
Confirm with . or Enter, or press ? or * to list all spells.
Your hands turn into razor-sharp scythe blades.
The +1 dagger of Prudence {protect, Int+6 Dex-5} goes still.
The soldier ant twitches its antennae in your direction.
The worker ant barely misses you.
You hit the worker ant but do no damage.
The worker ant bites you!
You are poisoned.
The worker ant poisons you!
You hit the worker ant but do no damage.
You feel sick.
You hear an angry buzzing noise.
The worker ant closely misses you.
You slash the worker ant!
The worker ant is severely wounded.
The worker ant bites you.
You slice the worker ant!!
You kill the worker ant!
You feel sick.
A soldier ant and a hornet come into view.
The soldier ant twitches its antennae in your direction.
The soldier ant stings you!
You are more poisoned.
The soldier ant poisons you! The soldier ant closely misses you.
The hornet misses you.
You see here a worker ant corpse.
You hit the hornet.
The hornet is lightly wounded.
You feel sick. The hornet stings you!
You feel yourself slow down.
The soldier ant barely misses you. x2; The hornet closely misses you.
You closely miss the hornet.
The hornet is lightly wounded.
You feel sick. The hornet stings you.
* * * LOW HITPOINT WARNING * * *
You are more poisoned.
You feel as though you will be slow longer.
The soldier ant barely misses you. The soldier ant misses you.
The hornet stings you.
* * * LOW HITPOINT WARNING * * *
You are more poisoned.
You suddenly lose the ability to move!
The soldier ant stings you.
* * * LOW HITPOINT WARNING * * *
The soldier ant stings you!
* * * LOW HITPOINT WARNING * * *
You can move again.
You slash the hornet!
The hornet is severely wounded.
* * * LOW HITPOINT WARNING * * *
You feel very sick. The hornet barely misses you. The soldier ant stings you!
* * * LOW HITPOINT WARNING * * *
The soldier ant misses you. The hornet stings you!
You die...

#.#.............#
#.#.............#
###.............#
................#
................#
.............#######
.......###+#.#.#.#.#
###....#.....##y#a#
#....#.......#@#
#....#.....##(#a#
#....#.....######
###....#.....#..#
.......#####'#..#
................#
##........).....#
#..............#
#.........######


You could see 2 soldier ants and a hornet.

Vanquished Creatures
  The ghost of Rhok the Cleaver, a novice DsGl of Uskayaw (D:9)
  Joseph (D:8)
  A centaur skeleton (D:5)
  A troll (D:9)
  A hornet (D:8)
  Prince Ribbit (D:7)
  A water moccasin (D:7)
  3 orc warriors
  4 ice beasts
  A sky beast (D:9)
  5 wolves (D:9)
  2 ogres
  3 phantoms
  3 centaurs
  A big kobold (D:7)
  4 bullfrogs
  A water moccasin zombie (D:8)
  3 scorpions
  3 electric eels (D:9)
  2 jellies (D:9)
  2 howler monkeys
  2 crimson imps
  4 orc priests
  2 hounds
  4 orc wizards
  7 worker ants
  Robin (D:2)
  13 adders
  3 shadow imps
  An adder skeleton (D:7)
  A worm (D:3)
  2 dart slugs
  8 leopard geckos
  26 orcs
  11 bats
  9 giant cockroaches
  15 goblins
  8 hobgoblins
  4 jackals (D:8)
  14 kobolds
  9 quokkas
  3 ball pythons
  8 frilled lizards
  7 rats
206 creatures vanquished.

Notes
Turn   | Place    | Note
-------+----------+-------------------------------------------
     0 | D:1      | Amnesiac the Demigod Transmuter began the quest for the Orb.
     0 | D:1      | Reached XP level 1. HP: 15/15 MP: 5/5
    12 | D:1      | Reached skill level 2 in Transmutations
   226 | D:1      | Reached XP level 2. HP: 13/22 MP: 5/7
   538 | D:1      | Learned a level 2 spell: Sticks to Snakes
   952 | D:1      | Reached XP level 3. HP: 26/27 MP: 7/9
  1115 | D:1      | Learned a level 3 spell: Spider Form
  1123 | D:2      | Reached skill level 3 in Transmutations
  1383 | D:2      | Noticed Robin
  1953 | D:2      | Reached XP level 4. HP: 26/34 MP: 6/10
  1964 | D:2      | Killed Robin
  2346 | D:2      | Reached skill level 4 in Transmutations
  2524 | D:2      | Found a sparkling altar of Nemelex Xobeh.
  2612 | D:2      | Found an ancient bone altar of Kikubaaqudgha.
  2614 | D:2      | Found a basalt altar of Yredelemnul.
  2617 | D:2      | Found a radiant altar of Vehumet.
  2801 | D:3      | Found a blossoming altar of Fedhas.
  2981 | D:3      | Reached XP level 5. HP: 34/39 MP: 7/12
  3957 | D:4      | Found a hazy altar of Hepliaklqana.
  3957 | D:4      | Found a deep blue altar of Sif Muna.
  4154 | D:4      | Noticed a phantom
  4230 | D:4      | Killed a phantom
  4230 | D:4      | Reached skill level 5 in Transmutations
  4230 | D:4      | Reached XP level 6. HP: 13/46 MP: 2/14
  4534 | D:4      | Learned a level 5 spell: Blade Hands
  4547 | D:5      | Entered Level 5 of the Dungeon
  4763 | D:5      | Reached skill level 1 in Fighting
  5008 | D:5      | Reached skill level 6 in Transmutations
  5008 | D:5      | Reached XP level 7. HP: 51/52 MP: 9/16
  5351 | D:6      | Reached skill level 7 in Transmutations
  5535 | D:6      | Got a steaming dagger
  5536 | D:6      | Identified the cursed +3 dagger of the Priest {protect, Stlth+} (You found it on level 6 of the Dungeon)
  5542 | D:6      | Reached XP level 8. HP: 59/59 MP: 14/18
  5662 | D:6      | Reached skill level 5 in Spellcasting
  5802 | D:6      | Reached skill level 8 in Transmutations
  5934 | D:7      | Noticed Prince Ribbit
  5940 | D:7      | Killed Prince Ribbit
  6732 | D:7      | Found Basmeru's General Store.
  6736 | D:7      | Bought the +1 dagger of Prudence {protect, Int+6 Dex-5} for 165 gold pieces
  6836 | D:7      | Found a staircase to the Ecumenical Temple.
  7453 | D:8      | Paralysed by fainting for 6 turns
  7464 | D:8      | Paralysed by fainting for 5 turns
  7520 | D:8      | Reached XP level 9. HP: 69/70 MP: 15/21
  7796 | D:8      | Reached skill level 5 in Fighting
  7861 | D:8      | Found a sacrificial altar of Ru.
  8088 | D:8      | Noticed Joseph
  8097 | D:8      | Killed Joseph
  8144 | D:8      | Reached skill level 5 in Unarmed Combat
  8620 | D:9      | Reached skill level 5 in Dodging
  8644 | D:9      | Found a staircase to the Lair.
  8961 | D:9      | Got a distressingly furry chain mail
  8992 | D:9      | Noticed Rhok's ghost (novice DsGl)
  9007 | D:9      | Killed Rhok's ghost
  9007 | D:9      | Reached XP level 10. HP: 38/83 MP: 18/22
  9219 | D:9      | Found Rietismi's Magic Scroll Boutique.
  9267 | D:9      | Identified the +0 chain mail of Hadjma {rF- rN++ Int+2 Stlth+} (You found it on level 9 of the Dungeon)
  9416 | D:9      | Paralysed by a hornet for 1 turns
  9417 | D:9      | HP: 4/83 [soldier ant (14)]
  9417 | D:9      | Slain by a hornet

Vault maps used:
D:1:      tarquinn_simple_flora_water_c
D:2:      cheibrodos_old_hovel, nemelex_xobeh_ov_fountains_minmay, minitemple,
          first_ration, uniq_robin
D:3:      fedhas_altar_4
D:4:      chequers_temple_overflow_statue_of_worship
D:7:      minmay_temple_entry_grid, serial_shops, nicolae_shop_trees,
          uniq_prince_ribbit1
D:8:      zaba_anthole, nicolae_ru_sacrificial_ziggurat, uniq_joseph
D:9:      nicolae_overflow_hidden_temple, erik_lair_island, serial_shops,
          nicolae_shop_window_shopping, statue_in_the_mist_lemuel,
          hangedman_pestilent_swarm, due_unseen_surprise

Skill      XL: |  1  2  3  4  5  6  7  8  9 10 |
---------------+-------------------------------+-----
Transmutations | 2 3 4 5 6 7 8 |  8.0
Spellcasting   | 2 3 4 6 |  6.0
Fighting       | 1 3 6 |  6.0
Dodging        | 2 3 5 6 |  6.0
Unarmed Combat | 3 4 6 |  6.0
Evocations     | |  0.5

Action                   |  1- 3 |  4- 6 |  7- 9 | 10-12 || total
-------------------------+-------+-------+-------+-------++-------
Melee: Unarmed           |    61 |   120 |   216 |    15 ||   412
       Short sword       |    65 |   151 |       |       ||   216
       Kick              |     8 |       |       |       ||     8
       Punch             |       |     3 |     5 |       ||     8
       Dagger            |       |       |    97 |       ||    97
 Cast: Beastly Appendage |    15 |       |       |       ||    15
       Spider Form       |     6 |    20 |     8 |       ||    34
       Sticks to Snakes  |       |     6 |     2 |       ||     8
       Blade Hands       |       |     1 |    30 |     3 ||    34
Evoke: Wand              |       |       |     4 |       ||     4
  Use: Scroll            |       |     5 |    15 |     2 ||    22
       Potion            |       |     1 |     3 |       ||     4
 Stab: Sleeping          |     4 |     2 |     2 |       ||     8
       Distracted        |       |     1 |       |       ||     1
       Paralysed         |       |       |     2 |       ||     2
  Eat: Chunk             |     4 |    13 |    23 |     2 ||    42
Armor: Robe              |    30 |    31 |    71 |       ||   132
       Skin              |     2 |     4 |     3 |       ||     9
Dodge: Dodged            |    91 |   167 |   265 |    17 ||   540

Table legend:
 A = Spawn XP
 B = Non-spawn XP
 C = Spawn XP percentage of total XP
 D = Spawn monster count
 E = Non-spawn monster count
 F = Spawn count percentage of total count
 G = Total turns spent on level
                    A         B        C        D         E        F      G
               +---------+---------+-------+---------+---------+-------+---------
         Total |       0 |    7409 |   0.0 |       0 |     206 |   0.0 |  9417
               +---------+---------+-------+---------+---------+-------+---------
           D:1 |       0 |      64 |   0.0 |       0 |      30 |   0.0 |  1572
           D:2 |       0 |     130 |   0.0 |       0 |      41 |   0.0 |  1222
           D:3 |       0 |     105 |   0.0 |       0 |      24 |   0.0 |   993
           D:4 |       0 |     238 |   0.0 |       0 |      18 |   0.0 |   760
           D:5 |       0 |     644 |   0.0 |       0 |       8 |   0.0 |   701
           D:6 |       0 |     920 |   0.0 |       0 |      13 |   0.0 |   686
           D:7 |       0 |    1070 |   0.0 |       0 |      16 |   0.0 |  1354
           D:8 |       0 |    1705 |   0.0 |       0 |      27 |   0.0 |  1125
           D:9 |       0 |    2533 |   0.0 |       0 |      29 |   0.0 |  1004
               +---------+---------+-------+---------+---------+-------+---------
